Map: 블랙핑크 - 래더

Players

liquidthermy (uThermal)

  • Race: Terran Terran
  • League: Grandmaster
  • Spawn Location: 7:00

Zest - Winner!

  • Race: Protoss Protoss
  • League: Master
  • Spawn Location: 1:00

Event: HomeStory Cup XVI

VOD

Have the link to the VOD?

Description

Time

  • Played on: Nov. 11, 2017, 12:45 p.m.
  • Length: 15:46

All games in this series

Show
View Real Time Build Order
Export as new Build Order

liquidthermy Terran 

Build Orders: Bio Tank 

Get SALT Encoding   

  12  0:02  SCV  
  13  0:14  SCV  
  14  0:18  Supply Depot  
  14  0:26  SCV  
  15  0:40  SCV  
  15  0:41  Barracks  
  16  0:52  SCV  
  17  1:04  SCV  
  18  1:05  Refinery  
  18  1:17  SCV  
  19  1:29  Marine  
  19  1:30  Orbital Command  
  20  1:38  Command Center  
  20  1:49  Supply Depot, Barracks Reactor  
  20  1:57  SCV  
  21  2:05  Barracks  
  21  2:09  SCV  
  22  2:18  Barracks  
  22  2:21  SCV  
  23  2:26  Marine x2  
  25  2:33  SCV  
  26  2:45  SCV  
  26  2:46  Engineering Bay, Marine x2  
  29  2:56  Orbital Command  
  29  2:57  SCV  
  29  3:01  Barracks Tech Lab  
  29  3:05  Marine x2  
  31  3:07  Marine  
  32  3:13  Missile Turret  
  32  3:19  SCV  
  33  3:21  Stimpack  
  33  3:23  SCV  
  33  3:25  Marine  
  35  3:31  Marine  
  35  3:32  Marine x2  
  36  3:34  SCV  
  36  3:39  SCV  
  37  3:41  Terran Infantry Weapons Level 1  
  37  3:45  Marine  
  37  3:47  SCV  
  39  3:49  Marine  
  39  3:51  SCV, Barracks Tech Lab  
  39  3:52  Marine  
  42  3:58  Supply Depot  
  42  3:59  SCV  
  42  4:03  SCV  
  42  4:05  Marine  
  42  4:07  Marine  
  44  4:11  SCV, Bunker  
  44  4:12  Combat Shields  
  44  4:15  SCV  
  46  4:19  Marine x2  
  46  4:22  Supply Depot  
  46  4:23  Marine  
  49  4:25  SCV  
  49  4:27  SCV  
  51  4:31  Missile Turret  
  51  4:40  Supply Depot, Marauder  
  51  4:42  Marine  
  51  4:43  Marine  
  51  4:44  Marauder  
  51  4:45  SCV  
  58  4:46  SCV  
  59  4:56  Supply Depot  
  59  4:57  SCV  
  60  5:00  Marine  
  60  5:01  Marine x2  
  60  5:03  Supply Depot  
  60  5:04  SCV  
  60  5:05  Marine  
  65  5:09  SCV  
  65  5:16  SCV  
  65  5:19  Marine x3  
  69  5:21  SCV  
  69  5:22  Concussive Shells  
  69  5:28  SCV  
  71  5:33  SCV  
  72  5:35  Terran Infantry Armor Level 1  
  72  5:38  Marine x2  
  72  5:39  Marauder x2  
  72  5:40  SCV  
  79  5:45  Supply Depot, SCV  
  79  5:52  Command Center, SCV  
  79  5:56  Marine  
  81  5:57  SCV  
  81  6:00  Marauder  
  84  6:04  SCV  
  84  6:10  Marauder, SCV, Marine  
  88  6:14  Marine  
  88  6:16  SCV  
  78  6:22  Marauder, SCV  
  69  6:27  Refinery  
  69  6:28  SCV, Marine  
  69  6:29  Refinery  
  69  6:31  Marine  
  69  6:34  SCV  
  69  6:36  Factory  
  69  6:37  Refinery  
  70  6:40  SCV  
  70  6:42  Marine  
  70  6:43  Barracks  
  70  6:44  Barracks  
  70  6:46  SCV, Marine x2  
  75  6:52  SCV  
  76  6:58  SCV  
  76  6:59  Marine  
  76  7:00  Marine  
  79  7:04  Bunker  
  79  7:05  SCV  
  79  7:07  Orbital Command  
  79  7:10  SCV, Marine x2  
  82  7:16  Refinery  
  82  7:17  Refinery, SCV  
  82  7:22  Factory, SCV  
  84  7:27  Barracks Reactor  
  84  7:28  Barracks Reactor  
  84  7:29  SCV, Siege Tank  
  87  7:32  Starport, SCV  
  87  7:34  SCV  
  89  7:40  Missile Turret, Barracks Reactor x2  
  89  7:41  SCV  
  89  7:43  Missile Turret  
  90  7:44  SCV, Marine  
  90  7:45  Marine  
  90  7:46  SCV  
  90  7:51  Armory  
  94  7:53  SCV  
  94  7:56  SCV  
  94  7:57  Missile Turret  
  96  7:58  SCV  
  96  8:02  Supply Depot, Marine  
  96  8:03  Missile Turret, Marine  
  96  8:04  Marine x2, Siege Tank  
  104  8:08  Siege Tank  
  104  8:09  Starport Reactor, Marine  
  108  8:13  Marine  
  108  8:19  Supply Depot  
  109  8:22  Missile Turret  
  109  8:24  Marine x6  
  109  8:25  Supply Depot, Marine x2  
  117  8:40  Siege Tank, Marine x2  
  122  8:42  Marine  
  122  8:43  Siege Tank  
  122  8:44  Terran Infantry Weapons Level 2  
  122  8:45  Terran Vehicle Weapons Level 1  
  122  8:47  Marine x3  
  122  8:48  Command Center  
  128  8:50  Medivac x2  
  128  8:53  Marine x2  
  133  9:00  Supply Depot  
  133  9:01  Supply Depot  
  133  9:08  Marine  
  133  9:09  Supply Depot x2, Marine  
  133  9:22  Siege Tank, SCV x2, Marine x4  
  133  9:23  Medivac, Marine x2  
  146  9:25  Siege Tank  
  146  9:27  Marine  
  146  9:28  Supply Depot x2  
  146  9:29  Marine  
  146  9:30  Medivac  
  151  9:33  Marine  
  151  9:37  Marine  
  152  9:39  Liberator, Marine  
  152  9:42  Marine  
  152  9:43  Supply Depot, Liberator, Marine x2  
  152  9:44  Supply Depot  
  152  9:45  Supply Depot  
  156  9:47  Marine  
  157  9:53  Supply Depot  
  157  9:54  Siege Tank  
  157  9:56  Supply Depot  
  157  9:57  Marine x2  
  157  9:58  Marine  
  166  10:00  Marine  
  166  10:03  Planetary Fortress  
  166  10:06  Marine x2  
  170  10:08  Marine x2  
  170  10:09  Marine  
  170  10:13  Marine  
  174  10:15  Missile Turret  
  174  10:18  Siege Tank  
  174  10:20  Marine  
  178  10:21  Factory  
  178  10:26  Sensor Tower  
  178  10:29  Marine  
  178  10:30  Siege Tank, Marine  
  178  10:31  Marine  
  182  10:38  Marine  
  182  10:40  Marine  
  182  10:42  Marine  
  183  10:43  Marine x3  
  183  10:44  Marine  
  183  10:47  Marine  
  188  10:50  Siege Tank  
  188  10:51  Marine  
  188  10:55  Marine  
  193  10:58  Marine  
  193  10:59  Medivac  
  193  11:00  Marine x2  
  193  11:03  Marine x2  
  187  11:21  Medivac, Marine  
  187  11:22  Marine x2  
  187  11:24  Siege Tank, Marine x2  
  187  11:25  Siege Tank  
  155  11:26  Marine x2  
  155  11:27  Marine x2  
  155  11:28  Marine  
  155  11:29  Medivac  
  155  11:30  Factory Tech Lab  
  149  11:37  Command Center  
  149  11:39  Marine  
  145  11:40  Marine x2  
  145  11:42  Marine x2  
  145  11:44  Marine x4  
  145  11:45  Marine  
  154  11:51  Medivac  
  153  11:57  Marine x3, Siege Tank x2  
  153  11:58  Terran Vehicle Weapons Level 2, Terran Infantry Armor Level 2  
  153  11:59  Marine  
  153  12:00  Medivac, Marine  
  166  12:01  Marine  
  166  12:04  Marine x2  
  166  12:07  Siege Tank, Marine  
  173  12:10  Marine  
  173  12:15  Marine x3  
  175  12:17  Marine  
  175  12:18  Marine  
  175  12:19  Marine  
  175  12:21  Medivac  
  175  12:22  Marine  
  183  12:28  Marine x2  
  183  12:29  Siege Tank  
  187  12:30  Medivac, Marine  
  188  12:44  Marine  
  188  12:46  Marine x2  
  188  12:51  Medivac, Siege Tank x2  
  189  12:52  Marine x3  
  189  12:53  Marine x3  
  189  12:54  Marine  
  195  13:01  Siege Tank  
  195  13:02  Marine  
  195  13:04  Marine  
  200  13:16  Factory  
  200  13:20  Factory  
  166  13:35  Marine x4  
  166  13:37  Medivac, Marine  
  166  13:38  Siege Tank x3  
  166  13:39  Marine  
  166  13:40  Marine x3  
  166  13:41  Marine  
  160  13:52  Marine  
  160  13:53  Marine x2  
  149  14:01  Marine  
  149  14:02  Marine x6  
  146  14:06  Factory Tech Lab  
  146  14:07  Command Center  
  146  14:08  Factory Reactor  
  146  14:10  Marine, Siege Tank x3  
  146  14:11  Marine x2  
  158  14:19  Marine x7  
  165  14:25  Infernal Pre-Igniter  
  165  14:28  Marine x2  
  165  14:29  Marine  
  168  14:37  Marine x7  
  163  14:46  Siege Tank, Marine x3  
  169  14:54  Hellion, Siege Tank  
  169  14:55  Marine x2  
  169  14:56  Marine x2  
  169  15:02  Marine  
  169  15:05  Marine x4  
  169  15:06  Marine  
  156  15:12  Marine  
  156  15:13  Marine  
  148  15:19  Hellion  
  151  15:22  Marine  
  151  15:25  Marine x2  
Show
View Real Time Build Order
Export as new Build Order

Zest Protoss - Winner!

Build Orders: 1 Gate Expand, Oracle Opening 

Get SALT Encoding   

  12  0:02  Probe (Chrono Boost)  
  14  0:14  Probe (Chrono Boost)  
  14  0:17  Pylon  
  14  0:26  Probe (Chrono Boost)  
  15  0:32  Probe (Chrono Boost)  
  15  0:37  Gateway  
  15  0:41  Probe (Chrono Boost)  
  17  0:47  Assimilator  
  17  0:53  Probe (Chrono Boost)  
  19  1:05  Probe (Chrono Boost)  
  19  1:17  Probe (Chrono Boost)  
  20  1:23  Nexus  
  20  1:33  Cybernetics Core  
  20  1:38  Probe (Chrono Boost)  
  21  1:41  Assimilator  
  21  1:50  Probe (Chrono Boost)  
  21  1:53  Pylon  
  23  2:01  Adept  
  23  2:02  Probe (Chrono Boost)  
  23  2:13  Warp Gate  
  23  2:14  Probe (Chrono Boost), Stargate  
  26  2:26  Probe (Chrono Boost)  
  27  2:32  Probe (Chrono Boost)  
  29  2:38  Probe (Chrono Boost)  
  29  2:39  Probe (Chrono Boost)  
  29  2:42  Oracle  
  30  2:51  Probe x2 (Chrono Boost)  
  35  3:03  Probe x2 (Chrono Boost)  
  39  3:14  Oracle  
  39  3:15  Probe x2 (Chrono Boost)  
  42  3:20  Gateway x2  
  44  3:27  Probe x2 (Chrono Boost)  
  42  3:39  Probe x2 (Chrono Boost)  
  44  3:42  Pylon  
  44  3:46  Pylon  
  44  3:51  Probe x2 (Chrono Boost)  
  46  4:00  Oracle  
  46  4:02  Pylon  
  51  4:03  Probe x2 (Chrono Boost)  
  51  4:14  Nexus  
  51  4:17  Stalker x3  
  57  4:26  Nexus  
  57  4:30  Probe x2 (Chrono Boost)  
  59  4:36  Assimilator x2  
  59  4:41  Twilight Council  
  59  4:43  Probe x2 (Chrono Boost)  
  61  4:46  Forge  
  61  4:55  Probe x2 (Chrono Boost)  
  63  5:00  Protoss Ground Weapons Level 1  
  63  5:02  Pylon  
  63  5:03  Pylon  
  65  5:07  Probe x2 (Chrono Boost)  
  65  5:10  Gateway, Blink  
  65  5:15  Gateway x2  
  65  5:24  Probe (Chrono Boost)  
  65  5:27  Probe (Chrono Boost)  
  67  5:36  Shield Battery  
  67  5:37  Sentry x2  
  67  5:40  Shield Battery  
  67  5:41  Sentry  
  67  5:42  Shield Battery  
  73  5:54  Probe x2 (Chrono Boost)  
  75  6:03  Stalker x2  
  78  6:15  Stalker x2  
  78  6:16  Stalker  
  78  6:18  Probe x3 (Chrono Boost)  
  61  6:24  Probe x3 (Chrono Boost)  
  55  6:33  Probe (Chrono Boost)  
  55  6:34  Probe x2 (Chrono Boost)  
  55  6:39  Probe (Chrono Boost)  
  58  6:45  Probe (Chrono Boost)  
  58  6:46  Probe (Chrono Boost)  
  61  6:48  Protoss Ground Armor Level 1, Probe (Chrono Boost)  
  61  6:51  Stalker x4, Probe (Chrono Boost), Robotics Facility  
  70  6:57  Pylon  
  70  6:58  Probe (Chrono Boost)  
  70  7:00  Probe (Chrono Boost)  
  70  7:01  Probe (Chrono Boost)  
  74  7:10  Probe (Chrono Boost)  
  74  7:13  Probe x2 (Chrono Boost)  
  77  7:18  Pylon  
  78  7:22  Probe (Chrono Boost)  
  78  7:25  Probe x2 (Chrono Boost)  
  80  7:34  Gateway  
  80  7:35  Probe (Chrono Boost)  
  83  7:37  Gateway, Probe x2 (Chrono Boost)  
  83  7:38  Forge  
  83  7:39  Charge, Pylon  
  83  7:40  Observer  
  83  7:43  Pylon  
  84  7:45  Assimilator  
  84  7:47  Probe (Chrono Boost)  
  84  7:48  Assimilator, Probe (Chrono Boost)  
  84  7:49  Probe (Chrono Boost)  
  87  7:54  Probe (Chrono Boost)  
  87  7:56  Protoss Ground Weapons Level 2  
  89  7:59  Probe (Chrono Boost)  
  89  8:01  Probe (Chrono Boost)  
  89  8:03  Probe (Chrono Boost)  
  89  8:05  Pylon  
  91  8:08  Pylon  
  91  8:11  Probe (Chrono Boost)  
  93  8:13  Observer, Probe (Chrono Boost)  
  93  8:14  Stalker, Protoss Ground Armor Level 2  
  93  8:15  Stalker x2, Zealot x3  
  106  8:21  Nexus  
  106  8:23  Pylon  
  106  8:31  Pylon  
  106  8:38  Observer, Templar Archives  
  106  8:47  Stalker  
  106  8:48  Observer  
  108  8:51  Probe x2 (Chrono Boost)  
  108  8:54  Zealot x6, Probe (Chrono Boost)  
  123  9:02  Pylon  
  123  9:10  Psionic Storm  
  123  9:19  Warp Prism  
  124  9:30  High Templar x2  
  128  9:32  High Templar  
  128  9:33  High Templar, Zealot x4  
  128  9:36  Probe x2 (Chrono Boost)  
  128  9:37  Probe x2 (Chrono Boost)  
  144  9:41  Gateway  
  144  9:42  Gateway  
  144  9:44  Gateway x2  
  144  9:45  Protoss Ground Weapons Level 3  
  144  9:46  Immortal  
  144  9:47  Archon  
  144  9:49  Photon Cannon  
  144  9:53  Assimilator  
  144  9:55  Assimilator  
  144  9:58  Pylon  
  148  10:00  Protoss Ground Armor Level 3  
  148  10:01  Observer  
  148  10:06  Probe x2 (Chrono Boost)  
  148  10:18  High Templar x2, Zealot x5  
  148  10:19  Zealot  
  164  10:26  Archon  
  164  10:39  Observer  
  164  10:41  High Templar x2, Zealot x5  
  176  10:45  Archon  
  176  10:48  Observer  
  176  10:54  Nexus  
  176  10:56  High Templar x2, Zealot, Pylon  
  176  10:57  Zealot  
  184  10:59  Pylon  
  184  11:03  Zealot x2, Archon  
  169  11:24  Stalker x6  
  149  11:30  Stalker x2  
  149  11:32  Stalker  
  149  11:33  Probe x2 (Chrono Boost)  
  149  11:34  Probe (Chrono Boost)  
  149  11:39  Probe (Chrono Boost)  
  153  11:43  Warp Prism  
  153  11:45  Probe x2 (Chrono Boost)  
  148  11:52  Probe x2 (Chrono Boost)  
  150  11:57  Probe (Chrono Boost)  
  150  11:58  Probe (Chrono Boost)  
  150  11:59  Protoss Shields Level 1  
  152  12:01  High Templar x2  
  152  12:02  High Templar x2  
  152  12:03  High Templar x2  
  152  12:04  Zealot x5, Probe x2 (Chrono Boost)  
  177  12:09  Probe (Chrono Boost)  
  177  12:11  Archon  
  177  12:18  Photon Cannon, Probe x4 (Chrono Boost)  
  177  12:22  Photon Cannon  
  181  12:27  High Templar x2, Zealot x2  
  186  12:32  Zealot x2  
  178  12:53  Photon Cannon  
  178  12:54  Photon Cannon, Zealot x3  
  178  12:55  Zealot x2  
  186  13:01  Stalker  
  186  13:02  Stalker  
  190  13:10  Probe x5 (Chrono Boost)  
  195  13:14  Zealot x2  
  199  13:21  Zealot  
  199  13:25  Protoss Shields Level 2  
  199  13:26  Warp Prism  
  172  13:49  High Templar x4  
  166  14:02  High Templar  
  166  14:03  High Templar x7  
  166  14:09  Assimilator, Archon x3, Probe x4 (Chrono Boost)  
  186  14:10  Archon  
  186  14:13  Assimilator, Observer  
  186  14:16  Archon  
  186  14:17  Archon  
  186  14:21  Zealot  
  180  14:55  High Templar x2, Zealot  
  180  14:56  Zealot x3  
  180  14:58  Observer  
  190  15:03  Stalker x2  
  184  15:23  Zealot x8  
  200  15:30  Robotics Facility  
  200  15:31  Robotics Bay  
Tags
 
Add a new tag
Caveats
  • Supply blocks, unpowered buildings, or Contaminate may cause inaccurate times.
  • Supply counts are checked every 10 seconds.